 Dungeon Crawl Stone Soup version 0.22.1-5-g62c59d9 (webtiles) character file.

6213 nuthulu the Basher (level 10, -1/69 HPs)
             Began as a Gargoyle Fighter on Jan 7, 2019.
             Was an Elder of Okawaru.
             Slain by a two-headed ogre
             ... wielding a cursed -1 giant club
              (23 damage)
             ... on level 10 of the Dungeon.
             The game lasted 00:21:42 (8305 turns).

nuthulu the Basher (Gargoyle Fighter)               Turns: 8305, Time: 00:21:43

Health: -1/69      AC: 20    Str: 22    XL:     10   Next: 92%
Magic:  10/10      EV:  6    Int: 10    God:    Okawaru [****..]
Gold:   508        SH: 14    Dex:  9    Spells: 9/9 levels left

rFire    . . .     SeeInvis .   v - +1 flail (venom)
rCold    . . .     Gourm    .   c - +5 shield
rNeg     + . .     Faith    .   j - +0 plate armour
rPois    ∞         Spirit   .   (no helmet)
rElec    +         Reflect  .   e - +0 cloak
rCorr    +         Harm     .   A - +0 pair of gloves
MR       .....                  (no boots)
Stlth    ..........             (no amulet)
HPRegen  0.21/turn              z - +2 ring of evasion
MPRegen  0.12/turn              B - ring of resist corrosion

@: no status effects
A: negative energy resistance 1, electricity resistance, unbreathing,
petrification resistance, rot immunity, AC +7
a: Heroism, Renounce Religion


You were on level 10 of the Dungeon.
You worshipped Okawaru.
Okawaru was greatly pleased with you.
You were not hungry.

You visited 2 branches of the dungeon, and saw 11 of its levels.

You collected 508 gold pieces.

Inventory:

Hand Weapons
 a - a +1 flail
 v - a +1 flail of venom (weapon)
Armour
 c - a +5 shield (worn)
 e - a +0 cloak (worn)
 j - a +0 plate armour (worn)
 A - a +0 pair of gloves (worn)
Jewellery
 b - an uncursed ring of flight
 r - an uncursed ring of fire
 z - a +2 ring of evasion (left hand)
 B - a ring of resist corrosion (right hand)
Wands
 m - a wand of polymorph (11)
 n - a wand of acid (5)
 o - a wand of disintegration (12)
 s - a wand of clouds (4)
 t - a wand of scattershot (8)
 y - a wand of enslavement (6)
 C - a wand of digging (6)
 D - a wand of iceblast (8)
Scrolls
 h - 2 scrolls of remove curse
 l - 3 scrolls of identify
 q - 5 scrolls of teleportation
 x - 2 scrolls of magic mapping
 F - a scroll of amnesia
Potions
 d - a potion of might
 g - 2 potions of flight
 i - a potion of resistance
 k - 4 potions of curing
 p - a potion of brilliance
 u - a potion of heal wounds
 w - a potion of invisibility
 E - a potion of mutation {unknown}
Comestibles
 f - 8 rations
 G - 4 chunks of flesh


   Skills:
 + Level 11.0 Fighting
 * Level 12.7 Maces & Flails
 - Level 3.2 Armour
 - Level 3.2 Shields


You had 9 spell levels left.
You didn't know any spells.
Your spell library contained the following spells:

 Spells                   Type           Power        Failure   Level  Hunger
 Freeze                   Ice            #...         100%        1    ##.....
 Shock                    Conj/Air       #...         100%        1    ##.....
 Swiftness                Chrm/Air       #.......     100%        2    ###....
 Throw Frost              Conj/Ice       #.....       100%        2    ###....
 Ignite Poison            Fire/Tmut/Pois #.......     100%        3    ####...
 Ozocubu's Armour         Chrm/Ice       #.......     100%        3    ####...
 Static Discharge         Conj/Air       #.......     100%        3    ####...
 Airstrike                Air            #.........   100%        4    #####..
 Petrify                  Tmut/Erth      #.......     100%        4    #####..
 Summon Ice Beast         Ice/Summ       #.......     100%        4    #####..
 Throw Icicle             Conj/Ice       #.......     100%        4    #####..
 Alistair's Intoxication  Tmut/Pois      #.......     100%        5    ######.
 Irradiate                Conj/Tmut      #.........   100%        5    ######.
 Lightning Bolt           Conj/Air       #.........   100%        5    ######.
 Sublimation of Blood     Necr           Unusable     N/A         2    N/A

Dungeon Overview and Level Annotations

Branches:
Dungeon (10/15)            Temple (1/1) D:7
   Lair: D:8-11         Orc: D:9-12

Altars:
Ashenzari
Cheibriados
Dithmenos
Elyvilon
Fedhas
Gozag
Hepliaklqana
Makhleb
Nemelex Xobeh
Okawaru
Qazlal
Ru
Uskayaw
Vehumet
Wu Jian
Xom
Yredelemnul
Zin
The Shining One
Jiyva

Shops:
D:5 }


Innate Abilities, Weirdness & Mutations

You are resistant to torment.
Your stone body is resilient. (AC +7)
You are immune to poison.
You resist negative energy. (rN+)
You are resistant to electric shocks. (rElec)
You can survive without breathing.
You are immune to petrification.
You are immune to rotting.


Message History

You eat one of the 6 chunks of flesh.
This raw flesh tastes terrible.
You start resting.
HP restored.
You now have 508 gold pieces (gained 11).
Eating one of 5 chunks of flesh.
You eat one of the 5 chunks of flesh.
This raw flesh tastes terrible.
A two-headed ogre comes into view. It is wielding two giant clubs.
The two-headed ogre hits you with a giant club!
The two-headed ogre hits you but does no damage.
The two-headed ogre hits you but does no damage.
You block the two-headed ogre's attack.
You hit the two-headed ogre.
The two-headed ogre is poisoned.
The two-headed ogre is lightly wounded.
The two-headed ogre hits you with a giant club! x2
You sock the two-headed ogre!
The two-headed ogre is moderately wounded.
You sock the two-headed ogre!
The two-headed ogre is severely wounded.
The two-headed ogre hits you with a giant club!!
You die...

#..# #..# #..######
### ##.# #...O....
.......# #.# ......#
#.# ####### #....# #.#
#.....# ###.#.#
#.###.....# #.....#
#...O@....###.....####
#####..............)..
#.....###.....####
####### #.....#
##...## #.....####
#........# #.....##.#
##...###.#


You could see a two-headed ogre.

Vanquished Creatures
  Erolcha (D:9)
  A two-headed ogre (D:9)
  A cyclops (D:9)
  A troll (D:9)
  Prince Ribbit (D:9)
  A slime creature (D:9)
  A spriggan (D:9)
  A golden eye (D:8)
  A wyvern (D:8)
  Eustachio (D:4)
  A hungry ghost (D:9)
  An acid dragon (D:9)
  A water moccasin (D:9)
  An ice beast (D:7)
  4 sky beasts
  2 phantoms
  A black bear (D:7)
  5 ogres
  A crocodile (D:9)
  2 big kobolds
  2 wyvern zombies
  A bullfrog (D:9)
  2 scorpions
  4 wights
  2 howler monkeys
  8 crimson imps
  A quasit (D:9)
  A bullfrog zombie (D:10)
  2 jellies
  An orc wizard (D:9)
  A centaur skeleton (D:4)
  2 bullfrog skeletons
  3 iguanas
  11 worker ants
  A hound skeleton (D:8)
  A worker ant zombie (D:10)
  3 gnolls (D:3)
  11 adders
  3 shadow imps
  An ooze (D:2)
  2 adder zombies (D:9)
  An adder skeleton (D:5)
  2 worms
  3 dart slugs
  6 leopard geckos
  8 orcs
  3 ball pythons
  4 bats
  6 giant cockroaches
  7 goblins
  4 hobgoblins
  6 jackals
  11 kobolds
  6 quokkas
  A ball python skeleton (D:6)
  2 frilled lizards
  A quokka zombie (D:9)
  7 rats
170 creatures vanquished.

Notes
Turn   | Place    | Note
-------+----------+-------------------------------------------
     0 | D:1      | nuthulu the Gargoyle Fighter began the quest for the Orb.
     0 | D:1      | Reached XP level 1. HP: 14/14 MP: 1/1
   187 | D:1      | Reached XP level 2. HP: 19/19 MP: 2/2
   492 | D:2      | Reached XP level 3. HP: 22/24 MP: 3/3
   658 | D:2      | Found a faded altar of an unknown god.
   707 | D:2      | Reached skill level 3 in Maces & Flails
  1000 | D:2      | Reached XP level 4. HP: 24/30 MP: 4/4
  1351 | D:3      | Found a hazy altar of Hepliaklqana.
  1555 | D:3      | Found a hide-covered altar of Uskayaw.
  1844 | D:3      | Found an ornate altar of the Wu Jian Council.
  1897 | D:4      | Reached skill level 5 in Fighting
  1897 | D:4      | Reached skill level 4 in Maces & Flails
  1897 | D:4      | Reached XP level 5. HP: 33/35 MP: 5/5
  1921 | D:4      | Noticed a phantom
  2035 | D:4      | Killed a phantom
  2035 | D:4      | Reached XP level 6. HP: 37/41 MP: 6/6
  2059 | D:4      | Found a white marble altar of Elyvilon.
  2160 | D:4      | You fall through a shaft!
  2160 | D:5      | Entered Level 5 of the Dungeon
  2160 | D:5      | Found Ritta's Gadget Emporium.
  2334 | D:5      | Reached skill level 5 in Maces & Flails
  2426 | D:5      | Reached XP level 7. HP: 40/46 MP: 7/7
  2451 | D:5      | You fall through a shaft for 2 floors!
  3062 | D:4      | Noticed Eustachio
  3177 | D:4      | Killed Eustachio
  3177 | D:4      | Reached skill level 6 in Maces & Flails
  3323 | D:4      | Found a snail-covered altar of Cheibriados.
  3755 | D:5      | Found a glowing silver altar of Zin.
  3757 | D:5      | Noticed an angel
  3795 | D:5      | Found a sparkling altar of Nemelex Xobeh.
  3953 | D:6      | Found a burning altar of Makhleb.
  3958 | D:6      | Reached skill level 7 in Maces & Flails
  3958 | D:6      | Reached XP level 8. HP: 53/53 MP: 8/8
  4136 | D:6      | Found a shattered altar of Ashenzari.
  4573 | D:7      | Reached skill level 8 in Maces & Flails
  5076 | D:7      | Found a staircase to the Ecumenical Temple.
  5165 | Temple   | Entered the Ecumenical Temple
  5183 | Temple   | Became a worshipper of Warmaster Okawaru
  5489 | D:8      | Reached XP level 9. HP: 48/59 MP: 9/9
  5512 | D:8      | Reached skill level 9 in Maces & Flails
  5858 | D:8      | Found a glowing golden altar of the Shining One.
  5860 | D:8      | Noticed an angel
  5872 | D:8      | Found a basalt altar of Yredelemnul.
  5874 | D:8      | Noticed a profane servitor
  5987 | D:8      | Found a burning altar of Makhleb.
  6063 | D:8      | Noticed Maurice
  6073 | D:8      | Noticed Maurice
  6073 | D:8      | Maurice changed into Maurice the golden eye
  6238 | D:8      | Killed Maurice the golden eye
  6238 | D:8      | Reached * piety under Okawaru
  6586 | D:8      | Reached skill level 10 in Maces & Flails
  6622 | D:9      | Noticed Prince Ribbit
  6641 | D:9      | Killed Prince Ribbit
  6831 | D:9      | Reached ** piety under Okawaru
  6867 | D:9      | Noticed a two-headed ogre
  6906 | D:9      | Killed a two-headed ogre
  6906 | D:9      | Reached skill level 11 in Maces & Flails
  6906 | D:9      | Reached XP level 10. HP: 27/68 MP: 10/10
  6985 | D:9      | Reached skill level 10 in Fighting
  7263 | D:9      | Noticed Erolcha
  7267 | D:9      | Reached *** piety under Okawaru
  7276 | D:9      | Killed Erolcha
  7291 | D:9      | Noticed a cyclops
  7325 | D:9      | Killed a cyclops
  7325 | D:9      | Reached skill level 12 in Maces & Flails
  7567 | D:9      | Reached **** piety under Okawaru
  8132 | D:10     | Entered Level 10 of the Dungeon
  8291 | D:10     | Noticed a two-headed ogre
  8305 | D:10     | Slain by a two-headed ogre

Skill      XL: |  1  2  3  4  5  6  7  8  9 10 |
---------------+-------------------------------+-----
Fighting       | 4 5 6 7 8 9 11 | 11.0
Maces & Flails | 3 4 5 7 8 11 12 | 12.7
Armour         | |  3.2
Shields        | |  3.2

Action                   |  1- 3 |  4- 6 |  7- 9 | 10-12 || total
-------------------------+-------+-------+-------+-------++-------
Melee: Flail             |   137 |   224 |   452 |   168 ||   981
Invok: Heroism           |       |       |       |     1 ||     1
Evoke: Wand              |       |       |     3 |       ||     3
  Use: Scroll            |     5 |     4 |     9 |       ||    18
       Potion            |     3 |     2 |     4 |     2 ||    11
  Eat: Chunk             |     1 |     4 |     9 |     4 ||    18
       Ration            |       |       |     2 |     2 ||     4
Armor: Scale mail        |    80 |   100 |     5 |       ||   185
       Plate armour      |       |       |   213 |    53 ||   266
Dodge: Dodged            |    59 |    50 |    43 |    15 ||   167
Block: Shield            |   113 |   142 |   280 |    78 ||   613
